 Dungeon Crawl Stone Soup version 0.23.0-3-gf3c87f2 (webtiles) character file.

Game seed: 12498770485740817837

617 redwoodhats the Shield-Bearer (level 7, -1/55 HPs)
             Began as a Formicid Fighter on Feb 25, 2019.
             Was a Follower of Trog.
             Slain by a gnoll
             ... wielding a +0 spear
              (5 damage)
             ... on level 4 of the Dungeon.
             The game lasted 00:30:31 (4366 turns).

redwoodhats the Shield-Bearer (Formicid Fighter)    Turns: 4366, Time: 00:30:32

Health: -1/55      AC:  5    Str: 28 (29) XL:     7   Next: 74%
Magic:  4/7        EV: 11    Int: 11      God:    Trog [*.....]
Gold:   209        SH: 11    Dex: 10      Spells: 6/6 levels left

rFire    . . .     SeeInvis +   w - +3 dagger (freeze)
rCold    . . .     Gourm    .   h - +0 shield
rNeg     . . .     Faith    .   x - +2 robe {MR+}
rPois    +         Spirit   .   (helmet unavailable)
rElec    +         Reflect  .   (no cloak)
rCorr    .         Harm     .   m - +0 pair of gloves
MR       +....                  (no boots)
Stlth    ++........             (no amulet)
HPRegen  0.18/turn              i - ring of poison resistance
MPRegen  0.10/turn              g - +3 ring of intelligence

@: mighty, flying
A: permanent stasis, dig shafts and tunnels, four strong arms, antennae 3,
blurry vision 1, electricity resistance, strong 1, evolution 1, MP-powered wands
a: Dig, Shaft Self, Renounce Religion


You were on level 4 of the Dungeon.
You worshipped Trog.
Trog was aware of your devotion.
You were not hungry.

You visited 1 branch of the dungeon, and saw 4 of its levels.
You also visited: Sewer.

You collected 209 gold pieces.

Inventory:

Hand Weapons
 a - a +1 quarterstaff
 j - a +1 flail of crushing
 t - a +3 short sword
 w - a +3 dagger of freezing (weapon)
 B - a +0 short sword of venom
Armour
 b - a +0 scale mail
 c - a +0 shield
 h - a +0 shield (worn)
 m - a +0 pair of gloves (worn)
 p - a +0 pair of gloves
 x - a +2 robe of magic resistance (worn)
Jewellery
 g - a +3 ring of intelligence (right hand)
 i - a ring of poison resistance (left hand)
 r - a cursed ring of teleportation
Wands
 y - a wand of paralysis (1)
 A - a wand of acid (4)
 C - a wand of enslavement (5)
Scrolls
 k - 3 scrolls of identify
 n - a scroll of remove curse
 q - 3 scrolls of teleportation
Potions
 d - 3 potions of might
 o - a potion of flight
 s - a potion of magic
Comestibles
 f - 2 rations


   Skills:
 + Level 4.4 Fighting
 + Level 1.9 Short Blades
 + Level 2.5(3.4) Maces & Flails
 + Level 3.3(3.8) Staves
 + Level 4.7 Armour
 + Level 1.9 Dodging
 + Level 1.3 Stealth
 + Level 5.7 Shields
 + Level 0.1 Evocations


You had 6 spell levels left.
You didn't know any spells.
Your spell library was empty.

Dungeon Overview and Level Annotations

Branches:
Dungeon (4/15)
 Temple: D:4-7

Altars:
Fedhas
Trog


Innate Abilities, Weirdness & Mutations

You cannot be hasted, slowed, berserked, paralysed or teleported.
You can dig through walls and to a lower floor.
Your four strong arms can wield two-handed weapons with a shield.
You have a pair of large antennae on your head. (SInv)
Scrolls take you a little longer to read.
You are resistant to electric shocks. (rElec)
Your muscles are strong. (Str +2)
You evolve.
You expend magic power (3 MP) to strengthen your wands.


Message History

The orc wizard casts a spell.
The orc wizard seems to speed up.
The gnoll misses you.
You see here a +0 flail.
You swap places.
The orc throws a tomahawk.
The tomahawk barely misses your gnoll. The tomahawk closely misses you.
You block the gnoll's attack.
You see here a tomahawk.
As you read the scroll labeled OSOR PYRUVU, it crumbles to dust.
It is a scroll of amnesia.
You feel forgetful for a moment.
The orc throws a tomahawk.
The tomahawk closely misses your gnoll.
The tomahawk hits you but does no damage.
You block the gnoll's attack.
Okay, then.
Really quaff the potion of mutation?
You feel extremely strange.
You feel robust.
You feel healthier.
Your vision blurs.
You feel insulated.
The orc throws a tomahawk.
The tomahawk hits your gnoll.
The gnoll hits you from afar with a +0 spear.
You die...

#.......##...........#
#.......##...P.P..#..###
#.......##...._.....>...
#######.####.P.P......##
#g#........#.##.##
#oo..#######'##...
#ogo###.......#.## #g###
#.......'... #@#
#.......#.## ###
#.......#.# #.......#.#
#########.. ###


You could see 2 orc wizards, 2 gnolls, an orc and a friendly gnoll.

Vanquished Creatures
  A phantom (D:4)
  2 big kobolds (Sewer)
  An orc wizard (D:3)
  An orc priest (D:3)
  Jessica (D:3)
  An iguana (D:4)
  Ijyb (D:3)
  A worker ant (D:4)
  A gnoll (D:4)
  9 adders
  3 river rats (Sewer)
  An ooze (D:4)
  3 worms
  A dart slug (D:3)
  10 orcs (D:3)
  9 giant cockroaches
  5 goblins
  11 hobgoblins
  8 jackals
  10 kobolds
  2 quokkas
  5 ball pythons
  5 bats
  A frilled lizard (D:1)
  10 rats
103 creatures vanquished.

Notes
Turn   | Place    | Note
-------+----------+-------------------------------------------
     0 | D:1      | redwoodhats the Formicid Fighter began the quest for the
                  | Orb.
     0 | D:1      | Reached XP level 1. HP: 18/18 MP: 1/1
    42 | D:1      | Reached XP level 2. HP: 11/24 MP: 2/2
    64 | D:1      | Reached skill level 4 in Shields
  1220 | D:1      | Reached XP level 3. HP: 29/29 MP: 3/3
  1647 | D:2      | Reached XP level 4. HP: 35/35 MP: 4/4
  2235 | D:2      | Gained mutation: You expend magic power (3 MP) to
                  | strengthen your wands. [potion of mutation]
  2235 | D:2      | Gained mutation: You are frail. (-10% HP) [potion of
                  | mutation]
  2235 | D:2      | Gained mutation: You evolve. [potion of mutation]
  2494 | D:3      | Reached XP level 5. HP: 37/37 MP: 5/5
  2547 | D:3      | Gained mutation: Your muscles are strong. (Str +2)
                  | [evolution]
  2633 | D:3      | Found a glowing drain.
  2663 | D:3      | Reached skill level 1 in Maces & Flails
  2684 | Sewer    | Entered a sewer
  2756 | Sewer    | Reached skill level 1 in Dodging
  2768 | Sewer    | Reached XP level 6. HP: 18/43 MP: 6/6
  3144 | Sewer    | Reached skill level 1 in Stealth
  3144 | Sewer    | Reached skill level 5 in Shields
  3231 | D:3      | Reached XP level 7. HP: 48/48 MP: 7/7
  3274 | D:3      | Noticed Jessica
  3284 | D:3      | Killed Jessica
  3335 | D:3      | Noticed Ijyb
  3364 | D:3      | Gained mutation: Your body sometimes deteriorates upon
                  | taking damage. [evolution]
  3367 | D:3      | Killed Ijyb
  3635 | D:3      | Found a faded altar of an unknown god.
  3663 | D:3      | Became a worshipper of Trog the Wrathful
  3663 | D:3      | Reached * piety under Trog
  4102 | D:4      | Reached skill level 1 in Short Blades
  4244 | D:4      | Found a blossoming altar of Fedhas.
  4366 | D:4      | Lost mutation: You are frail. (-10% HP) [potion of
                  | mutation]
  4366 | D:4      | Lost mutation: Your body sometimes deteriorates upon taking
                  | damage. [potion of mutation]
  4366 | D:4      | Gained mutation: Scrolls take you a little longer to read.
                  | [potion of mutation]
  4366 | D:4      | Gained mutation: You are resistant to electric shocks.
                  | (rElec) [potion of mutation]
  4366 | D:4      | Slain by a gnoll

Skill      XL: |  1  2  3  4  5  6  7 |
---------------+----------------------+-----
Shields        | 4 5 |  5.7
Armour         | 4 |  4.7
Staves         | 3 |  3.3
Maces & Flails | 1 2 |  2.5
Dodging        | 1 |  1.9
Fighting       | 4 |  4.4
Stealth        | 1 |  1.3
Short Blades   | 1 |  1.9
Evocations     | |  0.1

Action                   |  1- 3 |  4- 6 |  7- 9 || total
-------------------------+-------+-------+-------++-------
Melee: Quarterstaff      |    99 |    48 |       ||   147
       Flail             |       |   117 |       ||   117
       Short sword       |       |    10 |    20 ||    30
       Dagger            |       |       |    92 ||    92
 Abil: Dig               |     2 |       |       ||     2
Evoke: Wand              |       |       |     5 ||     5
  Use: Scroll            |     5 |     2 |     2 ||     9
       Potion            |       |     5 |     6 ||    11
 Stab: Sleeping          |       |       |     1 ||     1
  Eat: Ration            |     1 |     2 |     1 ||     4
Armor: Scale mail        |    51 |    71 |     8 ||   130
       Robe              |       |       |    21 ||    21
Dodge: Dodged            |    45 |    60 |    48 ||   153
Block: Shield            |    67 |    95 |    70 ||   232
